 Dungeon Crawl Stone Soup version 0.31-a0-675-g238779eb0a (webtiles) character file.

Game seed: 12321475796993015768

4968 arthad the Firebug (level 10, 0/81 HPs)
             Began as a Yellow Draconian Fire Elementalist on Sept 5, 2023.
             Slain by Sonja
             ... wielding a +3 short sword of venom
              (5 damage)
             ... on level 10 of the Dungeon.
             The game lasted 00:19:38 (6588 turns).

arthad the Firebug (DrFE)                           Turns: 6588, Time: 00:19:38

Health: 0/81       AC:  7    Str: 11    XL:     10   Next: 28%
Magic:  14/20      EV: 18    Int: 32    God:
Gold:   357        SH:  0    Dex: 10    Spells: 9/22 levels left

rFire   . . .        A - +6 long sword of Xuquoseukk {pain, Str+3 Int+4}
rCold   . . .        L - orb {*channel}
rNeg    . . .        (body armour unavailable)
rPois   .            (helmet restricted)
rElec   .            (no cloak)
rCorr   +            (no gloves)
SInv    .            (no boots)
Will    .....        e - amulet of magic regeneration
Stlth   +++          b - +5 ring of evasion
HPRegen 0.33/turn    K - ring of wizardry
MPRegen 0.57/turn

%: wizardry (x1), channel magic (20%)
@: lethally poisoned (0 -> -7), slowed, invisible, very slow
A: spit acid, AC +7, unfitting armour, cold-blooded, acid resistance, clever 2,
inability to drink after injury 1
a: Breathe Acid


You were on level 10 of the Dungeon.
You visited 1 branch of the dungeon, and saw 8 of its levels.
You also visited: Sewer and Bailey.

You collected 357 gold pieces.

Inventory:

Hand Weapons
 A - the +6 long sword of Xuquoseukk (weapon) {pain, Str+3 Int+4}
   (You found it on level 5 of the Dungeon)

   Str+3:     It affects your strength (+3).
   Int+4:     It affects your intelligence (+4).
 J - the +1 giant club "Demonslayer" {heavy, rPois rN+ Str+2 Dex-5}
   (You found it in a bailey)

   Str+2:     It affects your strength (+2).
   Dex-5:     It affects your dexterity (-5).
   rPois:     It protects you from poison rN+: It protects you from negative
   energy.
Armour
 j - the +1 cloak of Truth {rPois Dex-5 Slay+2}
   (You found it on level 3 of the Dungeon)

   Dex-5:     It affects your dexterity (-5).
   Slay+2:    It affects your accuracy & damage with ranged weapons and melee
   (+2).
   rPois:     It protects you from poison
 I - the +0 robe of Uguir {rPois rF+}
   (You found it on level 7 of the Dungeon)

   rF+:       It protects you from fire.
   rPois:     It protects you from poison
 L - an orb of energy (worn)
Magical Staves
 B - a staff of earth
Jewellery
 b - a +5 ring of evasion (left hand)
 c - a +5 ring of evasion
 e - an amulet of magic regeneration (around neck)
 m - a ring of poison resistance
 s - an amulet of the acrobat
 t - a ring of willpower
 w - the amulet "Arir" {Faith Str+3 Stlth+}
   (You took it off a gnoll bouda in a bailey)

   [amulet of faith]

   Faith:     It allows you to gain divine favour quickly.
   Str+3:     It affects your strength (+3).
   Stlth+:    It makes you more stealthy.
 E - a ring of flight
 K - a ring of wizardry (right hand)
Wands
 h - a wand of paralysis (27)
 o - a wand of flame (46)
 G - a wand of roots (4)
Scrolls
 d - a scroll of fear
 n - 2 scrolls of brand weapon
 r - a scroll of noise
 v - 3 scrolls of amnesia
 x - a scroll of blinking
 y - a scroll of immolation
 z - 4 scrolls of identify
 C - a scroll of vulnerability
 F - 2 scrolls of enchant armour
 H - a scroll of teleportation
Potions
 a - a potion of magic
 f - a potion of invisibility
 g - 2 potions of attraction
 i - a potion of might
 k - a potion of berserk rage {unknown}
 l - 2 potions of curing
 p - 2 potions of heal wounds {unknown}
 q - a potion of lignification {unknown}
 u - 2 potions of brilliance {unknown}
 D - a potion of enlightenment {unknown}


   Skills:
 + Level 5.5 Fighting
 + Level 4.9 Dodging
 + Level 5.3 Stealth
 * Level 6.8 Spellcasting
 * Level 7.2 Conjurations
 * Level 7.8 Fire Magic


You had 9 spell levels left.
You knew the following spells:

 Your Spells              Type           Power      Damage    Failure   Level
a - Foxfire               Conj/Fire      100%       2x1d9     1%          1
b - Scorch                Fire           100%       2d9       1%          2
c - Flame Wave            Conj/Fire      56%        2d13      3%          4
d - Inner Flame           Hex/Fire       35%        N/A       4%          3
e - Volatile Blastmotes   Fire/Tloc      70%        2d15      4%          3

Your spell library contained the following spells:

 Spells                   Type           Power      Damage    Failure   Level
 Magic Dart               Conj           100%       1d8       1%          1
 Searing Ray              Conj           100%       2d8       1%          2
 Apportation              Tloc           20%        N/A       5%          1
 Necrotise                Necr           40%        1d6       5%          1
 Summon Small Mammal      Summ           40%        N/A       5%          1
 Fulminant Prism          Conj/Hex       17%        3d11      10%         4
 Ozocubu's Armour         Ice            10%        N/A       12%         3
 Ozocubu's Refrigeration  Ice            5%         4d8       100%        7


Dungeon Overview and Level Annotations

Branches:
Dungeon (7/15)             Temple (0/1) D:7           Sewer (visited)
 Bailey (visited)

Altars:
Cheibriados
Hepliaklqana
Kikubaaqudgha
Trog
Uskayaw
The Shining One

Shops:
D:1 [

Annotations:
D:10 Sonja


Innate Abilities, Weirdness & Mutations

You can spit globs of acid.
Your golden yellow scales are hard. (AC +7)
You cannot fit into any form of body armour.
You are cold-blooded and may be slowed by cold attacks.
You are resistant to acid. (rCorr)
Your mind is very acute. (Int +8, Str/Dex -2)
You occasionally lose the ability to drink potions when taking damage.


Message History

Press: ? - help, Dir - look around, f - activate A wave of flame ripples out!
The flame wave engulfs the troll!!
You kill the troll! (Press . to intensify the flame waves.)
A fireball appears from out of thin air!
The fireball explodes!
The fireball engulfs you!!
* * * LOW HITPOINT WARNING * * *
A wave of flame ripples out!
A wizard appears from thin air!
Reactivating autopickup.
The wizard gestures wildly while chanting.
The wizard flickers and vanishes!
Deactivating autopickup; reactivate with Ctrl-A.
A wave of flame ripples out!
The flame wave engulfs the wraith but does no damage.
You finish channelling waves of flame.
You fade into invisibility!
Sonja throws a curare-tipped dart.
The curare-tipped dart barely misses you.
Found a runed cloak.
Sonja throws a curare-tipped dart.
The curare-tipped dart completely misses you.
Sonja throws a curare-tipped dart.
The curare-tipped dart closely misses you.
Reactivating autopickup.
You feel a bit more experienced. The wraith hits you.
* * * LOW HITPOINT WARNING * * *
The wraith drains your vigour!
You feel yourself slow down. Sonja closely misses you. Sonja misses you.
Sonja closely misses you.
Sonja plants her feet in a plie.
Sonja hits you with a +3 short sword of venom.
* * * LOW HITPOINT WARNING * * *
Sonja hits you but does no damage.
You are lethally poisoned!
Sonja completely misses you.
There is a stone staircase leading up here.
It was a potion of curing.
You feel better. Sonja barely misses you.
Sonja hits you with a +3 short sword of venom!
* * * LOW HITPOINT WARNING * * *
You are lethally poisoned!
Sonja hits you with a +3 short sword of venom.
You die...

..>..#.........
K................
..................
#..................
#..............?...##
#................#..#####
#...........)...###.....[
#..............K...†.##########
#..............@W.†...........
#.....y..........†)..########
######.......#.......?..#
#..........$............#
..#.....................#
##..##.......#..........#
...###.......#..........# ####
##.#######.......... # #.#


You could see a wraith and Sonja (unable to see you).

Vanquished Creatures
  Joseph (D:7)
  Jeremiah (D:7)
  A troll (D:10)
  Grinder (D:6)
  A steam dragon (D:7)
  Grum (Bailey)
  A water moccasin (D:7)
  A black bear (D:6)
  Pargi (Sewer)
  2 ice beasts (D:6)
  2 sky beasts
  2 ogres (D:5)
  6 wolves (Bailey)
  A centaur (D:7)
  2 bullfrogs (D:7)
  7 gnoll sergeants
  4 scorpions
  5 killer bees (D:10)
  A howler monkey (D:6)
  5 gnoll boudas (Bailey)
  4 orc priests
  3 hounds
  A jelly (D:6)
  2 sleepcaps (D:4)
  2 orc wizards (D:5)
  Ijyb (D:5)
  13 gnolls
  6 adders
  A shadow imp (D:6)
  2 white imps
  3 ufetubi
  A worm (D:3)
  3 dart slugs
  17 orcs
  14 ball pythons
  2 bats
  7 endoplasms
  3 giant cockroaches (D:2)
  11 goblins
  11 hobgoblins
  3 jackals (D:3)
  4 quokkas
  3 frilled lizards
  9 kobolds
  6 rats
178 creatures vanquished.

Vanquished Creatures (others)
  A wizard (D:10)
  602 foxfires
603 creatures vanquished.

Grand Total: 781 creatures vanquished

Notes
Turn   | Place    | Note
-------+----------+-------------------------------------------
     0 | D:1      | arthad the Draconian Fire Elementalist began the quest for
                  | the Orb.
     0 | D:1      | Reached XP level 1. HP: 14/14 MP: 3/3
   183 | D:1      | Reached XP level 2. HP: 20/20 MP: 1/5
   648 | D:1      | Found Quhe's Armour Boutique.
   677 | D:1      | Found a faded altar of an unknown god.
   874 | D:1      | Reached XP level 3. HP: 26/26 MP: 3/6
  1286 | D:2      | Learned a level 2 spell: Scorch
  1325 | D:2      | Found a hide-covered altar of Uskayaw.
  1884 | D:3      | Reached XP level 4. HP: 34/34 MP: 4/7
  1904 | D:3      | Identified the +1 cloak of Truth {rPois Dex-5 Slay+2}
  2047 | D:3      | Found an ancient bone altar of Kikubaaqudgha.
  2048 | D:3      | Found a snail-covered altar of Cheibriados.
  2048 | D:3      | Found a bloodstained altar of Trog.
  2126 | D:3      | Found a hazy altar of Hepliaklqana.
  2306 | D:3      | Gained mutation: You occasionally lose the ability to drink
                  | potions when taking damage. [potion of mutation]
  2306 | D:3      | Gained mutation: Your mind is acute. (Int +4, Str/Dex -1)
                  | [potion of mutation]
  2306 | D:3      | Gained mutation: Your mind is very acute. (Int +8, Str/Dex
                  | -2) [potion of mutation]
  2307 | D:3      | Found a glowing drain.
  2325 | Sewer    | Entered a sewer
  2390 | Sewer    | Reached skill level 1 in Fighting
  2479 | Sewer    | Noticed Pargi
  2484 | Sewer    | Killed Pargi
  2485 | Sewer    | Reached XP level 5. HP: 40/40 MP: 2/9
  2962 | D:4      | Noticed a sky beast
  2970 | D:4      | Killed a sky beast
  2971 | D:4      | Reached XP level 6. HP: 48/48 MP: 5/10
  3458 | D:5      | Entered Level 5 of the Dungeon
  3458 | D:5      | Noticed Ijyb
  3467 | D:5      | Killed Ijyb
  3472 | D:5      | Your scales start taking on a golden yellow colour.
  3472 | D:5      | Reached XP level 7. HP: 44/55 MP: 4/12
  3472 | D:5      | Gained mutation: You are resistant to acid. (rCorr) [Yellow
                  | Draconian growth]
  3555 | D:5      | Identified the +6 long sword of Xuquoseukk {pain, Str+3
                  | Int+4}
  4058 | D:5      | Learned a level 4 spell: Flame Wave
  4062 | D:5      | Learned a level 3 spell: Inner Flame
  4066 | D:5      | Learned a level 3 spell: Volatile Blastmotes
  4120 | D:5      | Found a glowing golden altar of the Shining One.
  4500 | D:5      | Reached skill level 5 in Fire Magic
  4672 | D:6      | Reached XP level 8. HP: 60/63 MP: 9/14
  4786 | D:6      | Noticed Grinder
  4800 | D:6      | Killed Grinder
  4801 | D:6      | Reached skill level 5 in Conjurations
  5181 | D:7      | Reached skill level 5 in Spellcasting
  5206 | D:7      | Identified the +0 robe of Uguir {rPois rF+}
  5433 | D:7      | Found a flagged portal.
  5453 | Bailey   | Entered a bailey
  5516 | Bailey   | Reached XP level 9. HP: 61/71 MP: 8/17
  5687 | Bailey   | Noticed Grum
  5708 | Bailey   | Killed Grum
  5712 | Bailey   | Identified the amulet "Arir" {Faith Str+3 Stlth+}
  5963 | Bailey   | Identified the +1 giant club "Demonslayer" {heavy, rPois
                  | rN+ Str+2 Dex-5}
  6150 | D:7      | Noticed Joseph
  6159 | D:7      | Killed Joseph
  6160 | D:7      | Reached skill level 5 in Fighting
  6160 | D:7      | Reached skill level 5 in Stealth
  6196 | D:7      | Noticed Jeremiah
  6210 | D:7      | Killed Jeremiah
  6211 | D:7      | Reached XP level 10. HP: 65/81 MP: 9/19
  6543 | D:7      | You fall into a shaft and drop 3 floors!
  6543 | D:10     | Entered Level 10 of the Dungeon
  6545 | D:10     | Noticed a wizard
  6569 | D:10     | Noticed Sonja
  6586 | D:10     | Killed a wizard
  6588 | D:10     | Slain by Sonja

Illustrated notes

Levels and vault maps discovered:
D:1:      heliophobic_arrival_battle_scene, layout_basic,
          shapermc_ecumenical_altar_acropolis, serial_shops,
          nicolae_shop_rolling_square
D:2:      layout_basic, basic_altar
D:3:      kennysheep_big_flooded_room, layout_basic,
          nicolae_overflow_quartered_altars, cheibrodos_sewer_entry_sluice,
          saegor_snake_ambush
D:4:      layout_rooms, minmay_misc_feat_x
D:5:      layout_rooms, nicolae_tso_swordbearing_angel, serial_co_window_serial,
          co_window_paths_b, co_window_corner_a, co_window_paths_a,
          co_window_corner_a, co_window_paths_b, co_window_of_opportunity_b,
          co_window_corner_ca, co_window_unsneaky_path_c,
          co_window_unsneaky_path_a, co_window_cross_2,
          co_window_unsneaky_path_b, co_window_cross_2, co_window_4corner_a,
          uniq_ijyb
D:6:      layout_rooms, st_stairs_7, uniq_grinder
D:7:      nicolae_cairo_tiling_large, layout_loops_ring,
          minmay_temple_entry_statues, enter_bailey_5, uniq_joseph,
          uniq_jeremiah
D:10:     minmay_smoke_and_mirrors, layout_rooms, mainiacjoe_overflow_paths,
          nicolae_trove_entry_free_sample, serial_shops,
          nicolae_shop_advertising_works [nicolae_subvault_shop_adworks],
          ebering_ghost_gozag, uniq_maurice, uniq_sonja

Skill      XL: |  1  2  3  4  5  6  7  8  9 10 |
---------------+-------------------------------+-----
Stealth        | 2 3 4 5 |  5.3
Dodging        | 2 3 4 |  4.9
Conjurations   | 2 3 4 5 6 7 |  7.2
Fighting       | 1 2 3 4 5 |  5.5
Spellcasting   | 3 4 5 6 |  6.8
Fire Magic     | 4 5 6 7 |  7.8

Action                     |  1- 3 |  4- 6 |  7- 9 | 10-12 || total
---------------------------+-------+-------+-------+-------++-------
  Melee: Unarmed           |     5 |       |       |       ||     5
         Tailslap          |     1 |       |       |       ||     1
         Long sword        |       |       |     7 |       ||     7
   Cast: Foxfire           |    69 |    99 |   173 |    11 ||   352
         Scorch            |     8 |    16 |    36 |     2 ||    62
         Flame Wave        |       |       |    10 |     5 ||    15
         Inner Flame       |       |       |     2 |       ||     2
Ability: Breathe Acid      |       |       |     2 |       ||     2
  Evoke: Wand              |       |       |     1 |       ||     1
    Use: Scroll            |     4 |     3 |     5 |       ||    12
         Potion            |       |     2 |     1 |     2 ||     5
   Stab: Sleeping          |       |       |     1 |       ||     1
 Armour: Skin              |     5 |    13 |    38 |    17 ||    73
  Dodge: Dodged            |    13 |    49 |   149 |    27 ||   238

Table legend: (Time is in decaauts)
 A = Elapsed time spent in this place.
 B = Non-inter-level travel time spent in this place.
 C = Inter-level travel time spent in this place.
 D = Time resting spent in this place.
 E = Time spent auto-exploring this place.
 F = Levels seen in this place.
 G = Mean time per level.
                   A        B        C        D        E       F      G
               +--------+--------+--------+--------+--------+-----+--------+
         Total |   6617 |   6514 |    103 |     71 |   5182 |  10 |  661.7 |
       Dungeon |   5798 |   5695 |    103 |     35 |   4641 |   8 |  724.8 |
         Sewer |    200 |    200 |      0 |      0 |    154 |   1 |  200.0 |
        Bailey |    618 |    618 |      0 |     36 |    387 |   1 |  618.0 |
               +--------+--------+--------+--------+--------+-----+--------+

Top non-repeatable levels by time:
     D:5: 1164 daAuts
     D:1: 1095 daAuts
     D:3: 913 daAuts
     D:7: 775 daAuts
     D:2: 709 daAuts
  Bailey: 618 daAuts
     D:4: 594 daAuts
     D:6: 499 daAuts
   Sewer: 200 daAuts
    D:10: 45 daAuts
